 Dungeon Crawl Stone Soup version 0.27-a0-1202-ge72e49191c (webtiles) character file.

Game seed: 10070771637690406390

22020 robertstho the Envoy of Void (level 12, -4/98 HPs)
             Began as a Demonspawn Abyssal Knight on June 2, 2021.
             Was a High Priest of Lugonu.
             Slain by Cyko's ghost (33 damage)
             ... on level 2 of the Lair of Beasts.
             The game lasted 00:18:41 (11422 turns).

robertstho the Envoy of Void (DsAK)                Turns: 11422, Time: 00:18:41

Health: -4/98      AC: 13    Str: 19    XL:     12   Next: 59%
Magic:  20/20      EV: 13    Int: 20    God:    Lugonu [*****.]
Gold:   774        SH:  9    Dex: 20    Spells: 11/11 levels left

rFire    x . .     SeeInvis .   I - +4 long sword of Doicyl {flame, rF- rN+ Int+7 Stlth+}
rCold    . . .     Faith    .   o - +0 kite shield
rNeg     + + .     Spirit   .   i - +3 leather armour of Quiet Fog {-Cast rElec Regen+ Dex+8}
rPois    .         Reflect  .   c - +0 helmet
rElec    +         Harm     .   d - scarf {repulsion}
rCorr    .         Rampage  .   n - +0 pair of gloves
Will     .....     NoCast   +   (boots unavailable)
Stlth    ++++......             e - amulet of regeneration
HPRegen  2.26/turn              g - ring of positive energy
MPRegen  0.34/turn              E - ring of flight

@: attractive, flying, repel missiles
A: talons 3, thin metallic scales 2, demonic guardian 2, magic regeneration
a: Renounce Religion, Depart the Abyss, Bend Space, Banish, Corrupt, Enter the
Abyss


You were on level 2 of the Lair of Beasts.
You worshipped Lugonu.
Lugonu was extremely pleased with you.
You visited 2 branches of the dungeon, and saw 15 of its levels.
You visited the Abyss 1 time.

You collected 774 gold pieces.

Inventory:

Hand Weapons
 a - a +1 falchion
 w - a +0 scimitar
 I - the +4 long sword of Doicyl (weapon) {flame, rF- rN+ Int+7 Stlth+}
   (You found it on level 9 of the Dungeon)

   It has been specially enchanted to burn those struck by it, causing extra
   injury to most foes and up to half again as much damage against particularly
   susceptible opponents.
   Big, fiery blades are also staple armaments of hydra-hunters.
   It affects your intelligence (+7).
   It makes you vulnerable to fire.
   It protects you from negative energy.
   It makes you more stealthy.
Missiles
 x - a throwing net
 B - 5 curare-tipped darts
 P - 4 atropa-tipped darts
Armour
 c - a +0 helmet (worn)
 d - a scarf of repulsion (worn)
 i - the +3 leather armour of Quiet Fog (worn) {-Cast rElec Regen+ Dex+8}
   (You took it off a gnoll on level 6 of the Dungeon)

   It affects your dexterity (+8).
   It insulates you from electricity.
   It prevents spellcasting.
   It increases your rate of health regeneration.
 j - a +0 chain mail
 k - a scarf of invisibility
 n - a +0 pair of gloves (worn)
 o - a +0 kite shield (worn)
Jewellery
 e - an amulet of regeneration (around neck)
 g - a ring of positive energy (left hand)
 E - a ring of flight (right hand)
Wands
 b - a wand of mindburst (11)
 p - a wand of acid (3)
 C - a wand of charming (7)
 F - a wand of digging (17)
 L - a wand of flame (23)
 M - a wand of iceblast (31)
 O - a wand of paralysis (7)
Scrolls
 f - 3 scrolls of blinking {unknown}
 h - 4 scrolls of enchant armour {unknown}
 l - 9 scrolls of teleportation {unknown}
 m - 3 scrolls of noise {unknown}
 q - a scroll of vulnerability
 s - 5 scrolls of fear
 u - 3 scrolls of fog
 y - a scroll of enchant weapon
 D - 4 scrolls of brand weapon
 G - 2 scrolls of holy word
Potions
 r - 3 potions of attraction
 t - 8 potions of ambrosia {unknown}
 v - 3 potions of cancellation {unknown}
 z - 2 potions of heal wounds {unknown}
 A - 2 potions of might {unknown}
 H - 2 potions of flight {unknown}
 J - a potion of resistance


   Skills:
 * Level 10.3 Fighting
 + Level 10.2 Long Blades
 * Level 9.1 Armour
 + Level 5.8 Dodging
 + Level 4.9 Stealth
 + Level 2.2 Shields
 * Level 11.3 Invocations


You had 11 spell levels left.
You didn't know any spells.
Your spell library contained the following spells:

 Spells                   Type           Power      Damage    Failure   Level
 Beastly Appendage        Tmut           0%         N/A       75%         1
 Foxfire                  Conj/Fire      0%         2x1d4     75%         1
 Freeze                   Ice            0%         1d3       75%         1
 Magic Dart               Conj           0%         1d3       75%         1
 Blink                    Tloc           N/A        N/A       86%         2
 Call Imp                 Summ           0%         N/A       86%         2
 Poisonous Vapours        Pois/Air       0%         N/A       86%         2
 Searing Ray              Conj           0%         3d3       86%         2
 Slow                     Hex            0%         N/A       86%         2
 Wereblood                Tmut           0%         N/A       86%         2
 Conjure Flame            Conj/Fire      0%         6-21      98%         3
 Dazzling Flash           Conj/Hex       0%         N/A       98%         3
 Frozen Ramparts          Ice            0%         1d2       98%         3
 Inner Flame              Hex/Fire       0%         N/A       98%         3
 Mephitic Cloud           Conj/Pois/Air  0%         N/A       98%         3
 Ozocubu's Armour         Ice            0%         N/A       98%         3
 Spider Form              Tmut/Pois      0%         N/A       98%         3
 Fulminant Prism          Conj/Hex       0%         3d6       100%        4
 Hailstorm                Conj/Ice       0%         3d3       100%        4
 Ice Form                 Ice/Tmut       0%         N/A       100%        4
 Iskenderun's Mystic Bla  Conj/Tloc      0%         2d3       100%        4
 Sticky Flame             Conj/Fire      0%         2d3       100%        4
 Fireball                 Conj/Fire      0%         3d3       100%        5
 Hydra Form               Tmut           0%         N/A       100%        5
 Metabolic Englaciation   Hex/Ice        0%         N/A       100%        5
 Freezing Cloud           Conj/Ice/Air   0%         6-21      100%        6


Dungeon Overview and Level Annotations

Branches:
Dungeon (13/15)            Temple (0/1) D:5            Lair (2/6) D:10
  Swamp (0/4) Lair:2       Spider (0/4) Lair:2          Orc (0/2) D:12
 Vaults: D:13-14

Altars:
Fedhas
Qazlal
Ru
Sif Muna
Wu Jian
Xom
The Shining One

Shops:
D:10 [

Portals:
Trove: D:10 (give +3 shadow dragon scales)

Annotations:
D:10 3 runed translucent doors, reriks's ghost, journeyman FoFi
D:12 corrupted
D:13 Rupert
Lair:2 Cyko's ghost, journeyman TrBe


Innate Abilities, Weirdness & Mutations

You have claws for feet.
You are mostly covered in thin metallic scales. (AC +3)
A demonic guardian rushes to your aid.
You regenerate magic rapidly.


Message History

Cyko's ghost is lightly damaged.
Cyko's ghost hits you!!!
A demonic guardian appears!
Your sixfirhy misses Cyko's ghost.
Your sixfirhy hits Cyko's ghost but does no damage.
Your sixfirhy hits Cyko's ghost.
Your sixfirhy shocks Cyko's ghost!
Your sixfirhy closely misses Cyko's ghost.
Cyko's ghost hits you.
You hit Cyko's ghost. You burn Cyko's ghost. Your kick misses Cyko's ghost.
Cyko's ghost is lightly damaged.
Your sixfirhy disappears in a puff of smoke!
Cyko's ghost hits you!!
* * * LOW HITPOINT WARNING * * *
A demonic guardian appears!
Your rust devil barely misses Cyko's ghost.
You feel better. You block Cyko's ghost's attack.
Your rust devil barely misses Cyko's ghost.
Your ice devil hits Cyko's ghost!
Your ice devil freezes Cyko's ghost!
Unknown command.
You hit Cyko's ghost. You burn Cyko's ghost.
Cyko's ghost is moderately damaged.
Cyko's ghost hits you!!
* * * LOW HITPOINT WARNING * * *
Your rust devil hits Cyko's ghost.
Your rust devil corrodes Cyko's ghost!
Your ice devil barely misses Cyko's ghost.
Unknown command.
You feel better.
Cyko's ghost hits you but does no damage.
Your rust devil hits Cyko's ghost.
Cyko's ghost seems to be corroded for longer.
Your ice devil barely misses Cyko's ghost.
Unknown command.
You feel better. Cyko's ghost barely misses you.
Your rust devil hits Cyko's ghost!
Cyko's ghost seems to be corroded for longer.
Your ice devil hits Cyko's ghost.
Your ice devil freezes Cyko's ghost!
Unknown command.
You slash Cyko's ghost! You burn Cyko's ghost. You claw Cyko's ghost!
Cyko's ghost is severely damaged.
Cyko's ghost hits you!!
You die...

###..................##..........
# ###...............####.........
##...............##..........
#.............#(##..#.......
#P.............)##.##.......
##....#########....####P....
##...#.#.# #..#...###.......
#P...#.#..####.#....#..^.^...
#....#.##?.4@..'...#.P.......
##.....#.:.#W4.'........^^.^^
#...#.##[...#.'.......^^^^..
##..##.#..####.#......^.^^.>.
###......#.#.....#........^^^.^
#.#......#########......^..^^..
##...###....................^..
#...# ####P#.##.........^^..^.
###.## #####............^...


You could see Cyko's ghost (corroded, ally target), a friendly ice devil
(summoned) and a friendly rust devil (summoned).

Vanquished Creatures
  A hydra (D:13)
  A centaur warrior (D:12)
  2 two-headed ogres
  Erica (D:9)
  2 ugly things
  2 cyclopes
  4 cane toads
  A black mamba (Lair:2)
  2 kobold demonologists
  2 unseen horrors
  A rime drake (Lair:1)
  4 komodo dragons
  5 trolls
  A queen bee (D:11)
  4 slime creatures (D:12)
  2 blink frogs (Lair:2)
  10 yaks
  Eustachio (D:4)
  A shadow (D:11)
  2 wraiths
  4 vampire mosquitoes
  A basilisk (Lair:1)
  An acid dragon (D:10)
  2 water moccasins (Lair:2)
  2 black bears
  4 sky beasts
  An orc warrior (D:12)
  3 necrophages
  A hornet zombie (D:6)
  An ogre (D:5)
  6 wolves (Lair:2)
  3 centaurs
  A gnoll sergeant (D:6)
  Blork the orc (D:5)
  4 bullfrogs
  A scorpion (D:4)
  A water moccasin zombie (D:5)
  21 killer bees
  6 howler monkeys
  5 wights (D:8)
  2 electric eels (Lair:2)
  A crimson imp (D:7)
  A bullfrog zombie (D:6)
  2 centaur zombies
  A jelly (D:6)
  A bullfrog skeleton (D:6)
  3 orc priests
  A hound (D:6)
  A centaur skeleton (D:7)
  2 iguanas (D:6)
  A scorpion zombie (D:5)
  13 orc wizards
  3 hell rats (Lair:1)
  2 howler monkey zombies
  9 gnolls
  4 adders
  A white imp (D:7)
  An ufetubus (D:6)
  A worm (D:4)
  2 dart slugs
  26 orcs
  2 bats
  6 endoplasms
  2 giant cockroaches (D:1)
  4 goblins
  5 hobgoblins
  4 jackals (D:5)
  8 kobolds
  3 quokkas
  5 ball pythons
  4 frilled lizards
  5 rats
244 creatures vanquished.

Vanquished Creatures (collateral kills)
  A minotaur (Lair:2)
  A hydra (Lair:2)
  A bog body (Lair:2)
  A centaur zombie (D:10)
  A black mamba (Lair:2)
  A polar bear (Lair:2)
  A blink frog (Lair:2)
  A hornet (D:7)
  A basilisk (Lair:2)
  A steam dragon (D:7)
  A black bear (Lair:2)
  An orc warrior (D:6)
  An ogre (D:6)
  2 kobold brigands
  A bullfrog (Lair:1)
  A gnoll sergeant (D:12)
  A scorpion (D:7)
  2 orc priests
  An iguana (D:5)
  An orc wizard (D:10)
  2 hell rats (Lair:1)
  A howler monkey zombie (D:7)
  An adder (D:3)
  3 gnolls
  2 orcs
  2 kobolds
  A bat (D:2)
34 creatures vanquished.

Vanquished Creatures (others)
  2 two-headed ogres (D:12)
  A manticore (D:12)
  A cyclops (D:12)
  A gargoyle (D:12)
  2 unseen horrors (D:12)
  A freezing wraith (D:12)
  A vampire (D:12)
  4 yaks (D:12)
  4 vampire mosquitoes (D:12)
  3 kobolds (D:7)
  5 fungi
  9 plants
  5 starspawn tentacles (D:12)
39 creatures vanquished.

Grand Total: 317 creatures vanquished

Notes
Turn   | Place    | Note
-------+----------+-------------------------------------------
     0 | Abyss:1  | robertstho the Demonspawn Abyssal Knight began the quest
                  | for the Orb.
     0 | Abyss:1  | Reached XP level 1. HP: 18/18 MP: 2/2
    85 | Abyss:1  | Noticed a sixfirhy
    86 | D:1      | Escaped the Abyss
   203 | D:1      | Gained mutation: A weak demonic guardian rushes to your
                  | aid. [demonic ancestry]
   203 | D:1      | Reached XP level 2. HP: 21/24 MP: 3/3
   283 | D:1      | Reached * piety under Lugonu
   488 | D:1      | Found a faded altar of an unknown god.
  1077 | D:3      | Reached XP level 3. HP: 30/30 MP: 4/4
  1239 | D:3      | Found a blossoming altar of Fedhas.
  1384 | D:3      | Gained mutation: You have sharp toenails. [demonic
                  | ancestry]
  1384 | D:3      | Reached XP level 4. HP: 23/37 MP: 6/6
  1476 | D:3      | Reached ** piety under Lugonu
  2038 | D:4      | Reached skill level 3 in Invocations
  2093 | D:4      | Noticed Eustachio
  2111 | D:4      | Noticed a scorpion
  2127 | D:4      | Killed a scorpion
  2128 | D:4      | Reached skill level 1 in Dodging
  2128 | D:4      | Gained mutation: You regenerate magic rapidly. [demonic
                  | ancestry]
  2128 | D:4      | Reached XP level 5. HP: 37/42 MP: 7/7
  2182 | D:4      | Killed Eustachio
  2183 | D:4      | Gained mutation: A demonic guardian rushes to your aid.
                  | [demonic ancestry]
  2183 | D:4      | Reached XP level 6. HP: 13/49 MP: 8/8
  2424 | D:4      | Found a sacrificial altar of Ru.
  2987 | D:5      | Entered Level 5 of the Dungeon
  2991 | D:5      | Found a staircase to the Ecumenical Temple.
  3029 | D:5      | Reached skill level 4 in Invocations
  3148 | D:5      | Gained mutation: You have razor-sharp toenails. [demonic
                  | ancestry]
  3148 | D:5      | Reached XP level 7. HP: 36/55 MP: 10/10
  3238 | D:5      | Reached skill level 1 in Stealth
  3314 | D:5      | Noticed Blork the orc
  3319 | D:5      | Killed Blork the orc
  3320 | D:5      | Reached skill level 5 in Fighting
  3367 | D:5      | Found a stormy altar of Qazlal.
  3605 | D:6      | Found an ornate altar of the Wu Jian Council.
  3716 | D:6      | Reached skill level 5 in Invocations
  3757 | D:6      | Reached XP level 8. HP: 11/62 MP: 11/11
  3842 | D:6      | Reached skill level 5 in Armour
  3843 | D:6      | Noticed a purple ugly thing
  3863 | D:6      | Killed a purple ugly thing
  3864 | D:6      | Reached skill level 5 in Long Blades
  4060 | D:6      | Reached skill level 6 in Invocations
  4226 | D:6      | Identified the +3 leather armour of Quiet Fog {-Cast rElec
                  | Regen+ Dex+8}
  4486 | D:7      | Noticed a hornet
  4494 | D:7      | Paralysed by a hornet for 3 turns
  4494 | D:7      | Killed a hornet
  4495 | D:7      | Gained mutation: You are partially covered in thin metallic
                  | scales. (AC +2) [demonic ancestry]
  4495 | D:7      | Reached XP level 9. HP: 36/69 MP: 13/13
  4525 | D:7      | Reached *** piety under Lugonu
  4914 | D:7      | Reached skill level 7 in Invocations
  4981 | D:7      | Found a shimmering altar of Xom.
  5930 | D:8      | Reached skill level 8 in Invocations
  6009 | D:9      | Identified the +4 long sword of Doicyl {flame, rF- rN+
                  | Int+7 Stlth+}
  6027 | D:9      | Noticed a troll
  6035 | D:9      | Killed a troll
  6147 | D:9      | Noticed a kobold demonologist
  6160 | D:9      | Killed a kobold demonologist
  6161 | D:9      | Gained mutation: You have claws for feet. [demonic
                  | ancestry]
  6161 | D:9      | Reached XP level 10. HP: 79/79 MP: 16/16
  6296 | D:9      | Noticed a two-headed ogre
  6303 | D:9      | Killed a two-headed ogre
  6350 | D:9      | Reached **** piety under Lugonu
  6554 | D:9      | Noticed Erica
  6565 | D:9      | Killed Erica
  6625 | D:10     | Entered Level 10 of the Dungeon
  6625 | D:10     | Found a staircase to the Lair.
  6641 | D:10     | Found a runed translucent gate.
  6644 | D:10     | Found Ojol's Armour Boutique.
  6699 | D:10     | Reached skill level 9 in Invocations
  6704 | D:10     | Noticed reriks's ghost (journeyman FoFi)
  6749 | D:10     | Found a portal to a secret trove of treasure.
  6778 | D:10     | Found a runed translucent gate.
  6778 | D:10     | Found a runed translucent gate.
  6779 | D:10     | Noticed a ten-headed hydra
  6779 | D:10     | Noticed a nine-headed hydra
  7140 | D:10     | Noticed a sun demon
  7287 | D:10     | Found a shimmering blue altar of Sif Muna.
  7742 | D:11     | Gained mutation: You are mostly covered in thin metallic
                  | scales. (AC +3) [demonic ancestry]
  7742 | D:11     | Reached XP level 11. HP: 81/87 MP: 18/18
  8538 | D:12     | Reached skill level 10 in Invocations
  8586 | D:12     | Noticed a two-headed ogre
  8598 | D:12     | Killed a two-headed ogre
  8724 | D:11     | Reached skill level 5 in Dodging
  8864 | D:12     | Noticed a two-headed ogre
  8865 | D:12     | Corrupted D:12
  8865 | D:12     | Noticed a tentacled starspawn
  8865 | D:12     | Noticed a thrashing horror
  8865 | D:12     | Noticed a large abomination
  8865 | D:12     | Noticed a tentacled monstrosity
  8865 | D:12     | Noticed a thrashing horror
  8865 | D:12     | Noticed a tentacled starspawn
  8872 | D:12     | Killed a two-headed ogre
  8879 | D:12     | Killed a two-headed ogre
  8890 | D:12     | Noticed a tentacled starspawn
  8985 | D:12     | Found a staircase to the Orcish Mines.
  8987 | D:12     | Noticed a centaur warrior
  9006 | D:12     | Killed a centaur warrior
  9346 | D:13     | Noticed a five-headed hydra
  9355 | D:13     | Killed a one-headed hydra
  9387 | D:13     | Noticed a green ugly thing
  9387 | D:13     | Noticed a two-headed ogre
  9392 | D:13     | Noticed Rupert
  9466 | D:12     | Killed a green ugly thing
  9544 | Lair:1   | Entered Level 1 of the Lair of Beasts
  9773 | Lair:1   | Reached XP level 12. HP: 95/97 MP: 20/20
  9972 | Lair:1   | Reached skill level 1 in Shields
 10418 | Lair:2   | Reached skill level 11 in Invocations
 10631 | Lair:2   | Reached skill level 10 in Fighting
 10683 | Lair:2   | Noticed Cyko's ghost (journeyman TrBe)
 10683 | Lair:2   | Noticed a minotaur
 10689 | Lair:2   | Noticed a six-headed hydra
 10701 | Lair:2   | Found a staircase to the Swamp.
 10703 | Lair:2   | Found a runed translucent gate.
 10712 | Lair:2   | Reached skill level 10 in Long Blades
 10713 | Lair:2   | Found a hole to the Spider Nest.
 10718 | Lair:2   | Found a runed translucent gate.
 10725 | Lair:2   | Reached ***** piety under Lugonu
 10733 | Lair:2   | Found a runed translucent gate.
 11402 | Lair:2   | Killed a minotaur
 11405 | Lair:2   | Killed a five-headed hydra
 11419 | Lair:2   | HP: 2/98 [Cyko's ghost (25)]
 11422 | Lair:2   | Slain by Cyko's ghost

Illustrated notes

Levels and vault maps discovered:
D:1:      lemuel_arrival_behind_the_door_small, layout_rooms,
          hellmonk_ecumenical_altar_zigzags
D:2:      layout_loops_cross
D:3:      layout_basic, lemuel_crystal_altar, minmay_quantized
D:4:      layout_basic, nicolae_ru_the_path_less_chosen, minivault_14,
          uniq_eustachio
D:5:      layout_basic, nicolae_qazlal_eye_of_the_storm,
          minmay_temple_entry_mini_moons, uniq_blork_the_orc
D:6:      layout_basic, nicolae_wu_jian_wuxing_cycle
D:7:      layout_cave_pools, lemuel_round_altar, serial_glass, glass_columns_c,
          glass_columns_a, glass_columns_a, glass_columns_a, glass_columns_c,
          glass_columns_a, glass_columns_b, glass_columns_c,
          minmay_fire_ice_demons
D:8:      layout_basic, kennysheep_generic_room_15
D:9:      layout_loops_cross, kennysheep_generic_room_8, uniq_erica
D:10:     minmay_flawed_box, layout_irregular_city, tso_oasis_becter,
          kennysheep_little_box, lair_entry_dummy, gammafunk_ghost_hydra_chop,
          nicolae_trove_entry_isolated, serial_shops, shop
D:11:     layout_basic, st_stairs_13, minivault_7
D:12:     layout_roguey, david_orc_2, grunt_potential
D:13:     layout_loops_ring, uniq_rupert
Lair:1:   layout_regular_city
Lair:2:   layout_cave_pods, skrybe_swamp_entry_bodies,
          spider_nest_entry_web_field, maelrawn_ghost_gauntlet_escape,
          st_stairs_11, infiniplex_staircase_pool, grunt_megastairs_3

Skill      XL: |  1  2  3  4  5  6  7  8  9 10 11 12 |
---------------+-------------------------------------+-----
Armour         | 2 3 4 6 7 8 9 |  9.1
Long Blades    | 2 3 4 5 7 8 9 10 | 10.2
Invocations    | 3 4 5 6 8 9 10 11 | 11.3
Fighting       | 4 5 6 7 8 9 10 | 10.3
Dodging        | 1 2 3 4 5 |  5.8
Stealth        | 1 3 4 |  4.9
Shields        | 2 |  2.2

Action                   |  1- 3 |  4- 6 |  7- 9 | 10-12 || total
-------------------------+-------+-------+-------+-------++-------
Melee: Falchion          |   122 |   110 |       |       ||   232
       Kick              |       |    31 |   119 |   237 ||   387
       Scimitar          |       |    19 |   297 |       ||   316
       Long sword        |       |       |    21 |   494 ||   515
Invok: Depart the Abyss  |     1 |       |       |       ||     1
       Banish            |       |       |       |     2 ||     2
       Corrupt           |       |       |       |     1 ||     1
Evoke: Wand              |       |       |       |     1 ||     1
  Use: Potion            |       |     1 |     4 |     6 ||    11
       Scroll            |       |       |     4 |     5 ||     9
 Stab: Distracted        |       |       |     1 |     3 ||     4
       Sleeping          |       |       |     1 |    22 ||    23
Armor: Leather armour    |    22 |       |   115 |   241 ||   378
       Ring mail         |    28 |    91 |    13 |       ||   132
       Scale mail        |       |       |    38 |       ||    38
       Chain mail        |       |       |    32 |       ||    32
       Skin              |       |       |     6 |       ||     6
Dodge: Dodged            |    76 |   115 |   186 |   346 ||   723
       Repelled          |       |       |       |     1 ||     1
Block: Kite shield       |       |       |       |    97 ||    97
       Rpst.: Falchion   |    22 |    37 |       |       ||    59
       Scimitar          |       |     3 |    40 |       ||    43
       Long sword        |       |       |     1 |    92 ||    93

Table legend: (Time is in decaauts)
 A = Elapsed time spent in this place.
 B = Non-inter-level travel time spent in this place.
 C = Inter-level travel time spent in this place.
 D = Time resting spent in this place.
 E = Time spent auto-exploring this place.
 F = Levels seen in this place.
 G = Mean time per level.
                   A        B        C        D        E       F      G
               +--------+--------+--------+--------+--------+-----+--------+
         Total |  11597 |  11146 |    451 |     56 |   8485 |  16 |  724.8 |
       Dungeon |   9604 |   9161 |    443 |     56 |   6890 |  13 |  738.8 |
          Lair |   1907 |   1899 |      8 |      0 |   1522 |   2 |  953.5 |
         Abyss |     86 |     86 |      0 |      0 |     73 |   1 |   86.0 |
               +--------+--------+--------+--------+--------+-----+--------+

Top non-repeatable levels by time:
  Lair:2: 1120 daAuts
    D:11: 1109 daAuts
     D:3: 1033 daAuts
     D:4: 983 daAuts
     D:6: 942 daAuts
    D:12: 907 daAuts
     D:8: 864 daAuts
  Lair:1: 786 daAuts
    D:10: 747 daAuts
     D:7: 664 daAuts
     D:9: 646 daAuts
     D:5: 601 daAuts
     D:1: 565 daAuts
     D:2: 359 daAuts
    D:13: 179 daAuts
